Map: Dusk Towers

Players

CMStormPolt (Polt) - Winner!

  • Race: Terran Terran
  • League: Grandmaster

Mariuslol

  • Race: Zerg Zerg
  • League: Master

VOD

Have the link to the VOD?

Description

TvZ Polt vs a really attractive Norwegian (not as hot as Snute though)

Time

  • Played on: Nov. 23, 2015, 8:43 p.m.
  • Length: 13:12
Show
View Real Time Build Order
Export as new Build Order

CMStormPolt Terran - Winner!

Build Orders: Reaper Expand, MMM Bio 

Get SALT Encoding   

  12  0:00  SCV  
  13  0:12  SCV  
  14  0:17  Supply Depot  
  14  0:25  SCV  
  15  0:39  SCV  
  15  0:40  Barracks  
  16  0:43  Refinery  
  16  0:51  SCV  
  17  1:03  SCV  
  18  1:15  SCV  
  19  1:27  Orbital Command  
  19  1:28  Reaper  
  20  1:37  Command Center  
  20  1:52  SCV  
  21  1:57  Supply Depot  
  21  2:01  Barracks Reactor  
  21  2:04  SCV  
  21  2:08  Refinery  
  22  2:17  SCV  
  22  2:22  Factory  
  23  2:29  SCV  
  24  2:41  SCV  
  24  2:43  Marine x2  
  26  2:53  SCV, Orbital Command  
  27  3:03  Marine x2  
  29  3:05  SCV  
  29  3:07  Factory Tech Lab  
  29  3:10  Starport  
  30  3:18  SCV  
  30  3:19  SCV  
  32  3:20  Marine x2  
  32  3:26  Siege Tank  
  37  3:30  Supply Depot, SCV  
  37  3:31  SCV  
  39  3:38  Marine x2  
  41  3:42  SCV  
  41  3:43  SCV, Supply Depot  
  41  3:46  Viking  
  45  3:54  SCV  
  45  3:55  SCV  
  47  3:59  Marine x2  
  49  4:10  Factory Tech Lab  
  49  4:11  SCV x2  
  49  4:15  Supply Depot  
  51  4:21  Barracks  
  51  4:23  SCV x2  
  53  4:24  Banshee, Barracks  
  56  4:34  Marine  
  56  4:35  SCV x2  
  56  4:37  Stimpack  
  59  4:39  Supply Depot, Factory Reactor  
  59  4:47  SCV x2, Refinery  
  59  4:48  Refinery  
  61  4:54  Command Center  
  61  4:57  Marine  
  61  4:59  SCV x2  
  64  5:02  Supply Depot  
  64  5:10  Engineering Bay x2  
  64  5:11  SCV  
  64  5:12  SCV  
  64  5:13  Banshee  
  69  5:17  Marauder, Marine x2  
  69  5:21  Factory Reactor  
  73  5:24  SCV x2  
  73  5:27  Marine x2  
  77  5:33  Supply Depot  
  77  5:39  Terran Infantry Weapons Level 1, Terran Infantry Armor Level 1  
  77  5:43  SCV x2  
  77  5:44  Marauder, Marine x3  
  77  5:45  Marine  
  85  5:55  Supply Depot, SCV x2  
  87  6:07  Barracks, Medivac  
  87  6:08  Barracks  
  87  6:09  Factory Reactor, Medivac  
  87  6:11  Marauder  
  93  6:14  SCV x2  
  95  6:23  Marine x4  
  99  6:28  SCV  
  99  6:29  SCV  
  101  6:36  Orbital Command, Marauder  
  101  6:38  Combat Shields  
  103  6:43  Medivac x2  
  103  6:46  SCV x2  
  109  6:50  Widow Mine x2  
  109  6:51  Armory  
  113  6:56  Refinery  
  113  6:58  SCV x2  
  115  7:04  Barracks Reactor, Marauder  
  117  7:11  Marine  
  117  7:12  Marine  
  117  7:26  Supply Depot  
  117  7:27  Supply Depot  
  117  7:28  SCV x3, Marauder, Marine x2  
  117  7:29  Supply Depot, Concussive Shells  
  124  7:41  Terran Infantry Weapons Level 2  
  124  7:42  Terran Infantry Armor Level 2  
  124  7:44  SCV  
  125  7:47  Widow Mine x2  
  125  7:48  Medivac x2  
  125  7:49  Marauder, Marine x6  
  125  7:51  Marauder  
  143  7:54  Supply Depot  
  143  7:57  Supply Depot  
  143  8:09  Marine x6  
  149  8:13  Terran Vehicle And Ship Armor Level 1, Supply Depot  
  149  8:14  Supply Depot  
  149  8:16  Marauder x2, Widow Mine x2  
  157  8:22  Medivac x2  
  161  8:34  Marine x4  
  161  8:35  Marine x2  
  161  8:37  Marauder x2  
  161  8:38  Command Center  
  161  8:39  Supply Depot  
  161  8:40  Supply Depot  
  171  8:45  Widow Mine x2  
  169  8:52  Medivac x2  
  169  8:54  Marine x6  
  179  8:59  Marauder  
  179  9:01  Marauder  
  183  9:21  Marauder, Marine x6  
  183  9:22  Marauder  
  156  9:36  Medivac x2  
  156  9:37  Widow Mine x2  
  159  9:42  Marine x4  
  159  9:43  Marauder, Marine x2  
  159  9:44  Marauder  
  169  9:49  Barracks x2  
  169  9:51  Barracks  
  169  9:54  Command Center  
  169  10:10  Terran Infantry Weapons Level 3, Terran Infantry Armor Level 3  
  169  10:12  Marauder x2  
  173  10:14  Marine x4  
  173  10:15  Marine x2  
  173  10:18  Widow Mine x2  
  183  10:29  Terran Vehicle And Ship Armor Level 2  
  177  10:42  Marauder x2  
  179  10:43  Barracks Reactor, Barracks Tech Lab x2, Marine x4  
  179  10:48  Planetary Fortress  
  183  11:03  Marine x5, Marauder x2  
  183  11:04  Marauder x2  
  197  11:07  Command Center  
  197  11:09  Widow Mine x2  
  190  11:33  Marine x2, Marauder x2  
  190  11:34  Marauder, Marine x2  
  189  11:48  Marine x4, Marauder  
  189  11:51  Marine x3  
  189  11:52  Marine  
  197  11:54  Marauder  
  187  12:12  Orbital Command  
  191  12:23  Orbital Command  
  191  12:25  Command Center  
  186  12:33  Marine x6, Marauder x4  
  186  12:34  Command Center  
  186  12:35  Command Center  
Show
View Real Time Build Order
Export as new Build Order

Mariuslol Zerg 

Build Orders: Hatch First 

Get SALT Encoding   

  12  0:01  Drone  
  13  0:14  Overlord  
  13  0:18  Drone  
  14  0:32  Drone x2  
  16  0:38  Drone  
  17  0:56  Hatchery  
  17  0:57  Drone  
  17  1:01  Drone  
  17  1:03  Extractor  
  17  1:18  Spawning Pool  
  17  1:20  Drone  
  17  1:23  Drone  
  18  1:29  Drone  
  19  1:41  Overlord  
  19  2:05  Zergling x4  
  19  2:06  Queen  
  23  2:08  Queen  
  23  2:10  Zergling x2  
  26  2:18  Drone  
  26  2:20  Metabolic Boost  
  27  2:23  Drone x2  
  29  2:35  Drone x2  
  31  2:42  Queen  
  32  2:47  Drone  
  31  2:55  Drone x2  
  33  2:59  Drone  
  33  3:03  Overlord  
  34  3:12  Hatchery  
  33  3:14  Drone x2  
  35  3:23  Drone  
  35  3:24  Drone x3  
  39  3:28  Overlord  
  39  3:34  Overlord  
  39  3:41  Overlord  
  39  3:44  Roach Warren  
  39  3:48  Drone x3  
  41  3:50  Drone  
  41  3:51  Drone  
  43  3:56  Drone x2  
  43  3:57  Zergling x2  
  43  4:00  Drone x2  
  49  4:02  Drone  
  49  4:09  Queen  
  49  4:14  Drone x2  
  53  4:17  Zergling x2  
  53  4:21  Overlord  
  54  4:26  Spore Crawler  
  54  4:28  Spore Crawler, Roach x2  
  54  4:29  Drone x2  
  58  4:39  Queen  
  58  4:43  Drone x3  
  58  4:44  Drone x3  
  66  4:50  Pneumatized Carapace  
  66  4:51  Overlord  
  66  4:54  Extractor  
  66  4:55  Drone x3  
  66  4:56  Extractor  
  66  4:57  Extractor  
  66  4:58  Extractor  
  65  5:04  Overlord  
  65  5:07  Overlord  
  65  5:09  Drone x5  
  65  5:10  Drone x2  
  65  5:12  Drone  
  73  5:26  Evolution Chamber  
  73  5:27  Evolution Chamber  
  71  5:30  Drone x5  
  71  5:31  Extractor  
  71  5:35  Drone x3  
  77  5:36  Drone  
  79  5:45  Roach x2  
  79  5:48  Drone  
  79  5:49  Drone x2, Roach, Overlord  
  88  5:54  Spore Crawler  
  87  5:57  Lair  
  87  5:58  Overlord x2  
  87  6:03  Drone  
  88  6:05  Hatchery  
  88  6:07  Drone, Overlord  
  88  6:11  Zerg Missile Weapons Level 1  
  88  6:13  Zerg Ground Armor Level 1  
  88  6:18  Roach  
  88  6:19  Roach x2  
  88  6:24  Overlord  
  94  6:26  Roach x3  
  94  6:31  Roach x2  
  94  6:32  Roach  
  106  6:37  Drone x2, Overlord  
  106  6:38  Roach  
  110  6:42  Overlord  
  110  6:45  Ravager x7  
  110  6:46  Roach  
  119  6:54  Spine Crawler  
  119  6:55  Overlord  
  119  6:56  Ravager  
  119  6:58  Roach x2  
  119  6:59  Glial Reconstitution  
  123  7:05  Overlord  
  123  7:06  Overlord x2  
  123  7:07  Roach  
  125  7:16  Overlord  
  125  7:17  Roach x2  
  125  7:22  Spine Crawler x2  
  127  7:26  Spine Crawler  
  127  7:28  Drone x2  
  128  7:31  Spine Crawler  
  128  7:36  Overlord  
  126  7:37  Roach  
  126  7:38  Overseer, Roach x6  
  139  7:49  Hydralisk Den  
  135  7:52  Overlord  
  135  7:53  Roach  
  135  7:54  Roach x5  
  135  7:56  Overlord  
  147  8:05  Roach  
  146  8:06  Roach x4  
  146  8:10  Roach x2  
  155  8:21  Roach x2  
  155  8:26  Roach x2  
  163  8:28  Roach x2  
  163  8:29  Hatchery  
  163  8:33  Roach  
  163  8:34  Roach x2  
  172  8:35  Roach  
  172  8:41  Roach x3  
  180  8:42  Ravager  
  180  8:43  Ravager x3  
  180  8:47  Roach x2  
  185  8:48  Ravager x2  
  185  8:49  Ravager x2  
  185  8:50  Ravager  
  185  8:51  Ravager x2  
  185  8:52  Ravager  
  192  8:59  Drone x3  
  192  9:00  Drone x3  
  195  9:06  Muscular Augments  
  195  9:08  Roach  
  195  9:09  Roach  
  150  9:24  Roach  
  150  9:25  Roach x8  
  121  9:35  Roach x5  
  117  9:40  Infestation Pit  
  117  9:43  Spore Crawler  
  109  9:46  Spine Crawler, Roach x2  
  109  9:47  Ravager x2  
  109  9:50  Hydralisk  
  116  9:53  Hydralisk  
  118  10:00  Hydralisk x2  
  118  10:04  Extractor x2  
  118  10:05  Ravager x2, Roach x2  
  124  10:16  Roach  
  124  10:17  Roach x4  
  132  10:22  Hydralisk x2, Roach x2  
  132  10:28  Hydralisk x2  
  136  10:33  Roach x3  
  138  10:38  Hydralisk x2  
  138  10:41  Drone  
  138  10:42  Drone x3  
  140  10:43  Drone  
  140  10:45  Hydralisk  
  143  10:53  Drone x2  
  143  10:55  Ravager x2  
  147  10:58  Overseer x2  
  147  11:06  Roach  
  147  11:07  Roach x7  
  163  11:13  Ravager  
  163  11:14  Ravager  
  154  11:30  Roach  
  154  11:31  Roach x9  
  155  11:33  Roach  
  155  11:38  Roach  
  155  11:39  Roach x2  
  160  11:45  Roach  
  160  11:46  Roach x2  
  160  11:47  Roach  
  157  11:52  Roach x2  
  147  11:57  Roach x2  
  147  12:00  Hydralisk  
  138  12:05  Roach x2  
  138  12:06  Ravager x2  
  138  12:07  Ravager  
  139  12:24  Roach x4  
  145  12:30  Hydralisk x3  
  145  12:34  Roach  
  143  12:37  Roach  
  143  12:47  Roach  
  143  12:48  Roach x4  
  145  12:52  Roach x2  
  127  12:58  Drone  
Tags
 
Add a new tag
Caveats
  • Supply blocks, unpowered buildings, or Contaminate may cause inaccurate times.
  • Supply counts are checked every 10 seconds.